 Dungeon Crawl Stone Soup version 0.31-a0-1176-gb730325 (webtiles) character file.

Game seed: 15032374714974375674

2550 Splat the Cleaver (level 9, 0/82 HPs)
             Began as a Minotaur Gladiator on Dec 11, 2023.
             Was a Believer of Ashenzari.
             Slain by a troll (11 damage)
             ... on level 7 of the Dungeon.
             The game lasted 00:18:08 (5960 turns).

Splat the Cleaver (Minotaur Gladiator)              Turns: 5960, Time: 00:18:09

Health: 0/82       AC: 12    Str: 22    XL:     9   Next: 30%
Magic:  2/2        EV: 10    Int:  5    God:    Ashenzari [**....]
Gold:   364        SH:  0    Dex: 13    Spells: 8/8 levels left

rFire   . . .        u - +2 battleaxe (antimagic)
rCold   . . .        (shield currently unavailable)
rNeg    . . .        m - +0 chain mail of the Sublime Augur {Comp, Self} (curse)
rPois   .            c - +0 hat "Clairvoyant Oracle" {Melee, Dev} (curse)
rElec   .            j - +0 cloak of Ashenzari's Servitude {Range, Melee} (curse)
rCorr   .            h - +0 pair of gloves
SInv    +            (no boots)
Will    .....        (no amulet) Stlth
                     (no ring)
HPRegen 0.33/turn    (no ring)
MPRegen 0.08/turn

%: no passive effects
@: about to teleport
A: horns 2, retaliatory headbutt
a: Renounce Religion, Shatter the Chains


You were on level 7 of the Dungeon.
You worshipped Ashenzari.
Ashenzari was pleased with you.
You visited 2 branches of the dungeon, and saw 8 of its levels.

You collected 364 gold pieces.

Inventory:

Hand Weapons
 a - a +0 war axe of freezing
 f - a +0 war axe
 g - a +0 sling
 s - a +4 trident of draining
 u - a +2 antimagic battleaxe (weapon)
Missiles
 d - 3 throwing nets
 e - 8 javelins (quivered)
Armour
 b - a +0 leather armour
 c - the cursed +0 hat "Clairvoyant Oracle" (worn) {Melee, Dev}

   It has a curse which improves the following skills: Melee Combat: Short
   Blades, Long Blades, Axes, Maces & Flails, Polearms, Staves and Unarmed
   Combat.
   Devices:   Evocations and Shapeshifting.
 h - a +0 pair of gloves (worn)
 j - the cursed +0 cloak of Ashenzari's Servitude (worn) {Range, Melee}
   (You found it on level 2 of the Dungeon)

   It has a curse which improves the following skills: Ranged Combat: Ranged
   Weapons and Throwing.
   Melee Combat: Short Blades, Long Blades, Axes, Maces & Flails, Polearms,
   Staves and Unarmed Combat.
 m - the cursed +0 chain mail of the Sublime Augur (worn) {Comp, Self}
   (You found it on level 3 of the Dungeon)

   It has a curse which improves the following skills: Companions: Summonings
   and Necromancy.
   Introspection: Fighting and Spellcasting.
Magical Staves
 n - a staff of air
Jewellery
 A - a ring of ice
Wands
 i - a wand of charming (12)
 y - a wand of acid (9)
Scrolls
 k - 2 scrolls of poison
 l - a scroll of teleportation
 p - 5 scrolls of enchant weapon
 q - a scroll of summoning
 r - 2 scrolls of enchant armour
 t - a scroll of brand weapon
Potions
 o - a potion of cancellation
 v - a potion of mutation
 w - a potion of magic
 x - a potion of curing
 z - a potion of enlightenment


   Skills:
 + Level 7.1(8.3) Fighting
 * Level 10.4(12.1) Axes
 - Level 0.2(0.5) Ranged Weapons
 - Level 5.5(6.7) Throwing
 - Level 5.1 Armour
 + Level 5.0 Dodging
 + Level 0.9(1.5) Evocations


You had 8 spell levels left.
You didn't know any spells.
Your spell library contained the following spells:

 Spells                   Type           Power      Damage    Failure   Level
 Foxfire                  Conj/Fire      0%         2x1d4     97%         1
 Blink                    Tloc           0%         N/A       99%         2
 Poisonous Vapours        Pois/Air       0%         N/A       99%         2
 Ignite Poison            Fire/Tmut/Pois 0%         N/A       100%        3
 Mephitic Cloud           Conj/Pois/Air  0%         N/A       100%        3
 Manifold Assault         Tloc           0%         N/A       100%        4
 Sticky Flame             Conj/Fire      0%         2d3       100%        4
 Freezing Cloud           Conj/Ice/Air   0%         6-21      100%        5
 Plasma Beam              Fire/Air       0%         2x1d10    100%        6
 Starburst                Conj/Fire      0%         6d3       100%        6
 Ignition                 Fire           0%         3d3       100%        8


Dungeon Overview and Level Annotations

Branches:
Dungeon (7/15)             Temple (1/1) D:6

Altars:
Ashenzari
Cheibriados
Dithmenos
Elyvilon
Fedhas
Hepliaklqana
Kikubaaqudgha
Makhleb
Nemelex Xobeh
Okawaru
Qazlal
Sif Muna
Trog
Uskayaw
Vehumet
Wu Jian
Yredelemnul
Zin
The Shining One

Shops:
D:7 =


Innate Abilities, Weirdness & Mutations

You have a pair of horns on your head.
You reflexively headbutt those who attack you in melee.


Message History

The orc barely misses you.
An orc warrior comes into view. It is wielding a +0 battleaxe.
You closely miss the orc.
The orc warrior shouts!
Your headbutt misses the orc.
Items here: ))) [ †.
Things that are here:
a +0 whip; an orc corpse You throw a javelin.
The javelin closely misses the troll.
The javelin closely misses the orc.
The javelin pierces through the orc warrior!!
The orc warrior is almost dead.
You completely miss the troll.
You headbutt the troll, but do no damage.
The troll bites you. The troll claws you. x2
You closely miss the troll. The troll bites you.
The troll claws you but does no damage. x2
You barely miss the troll. The troll closely misses you.
The troll claws you. x2
You slash the troll! You headbutt the troll.
The troll is heavily wounded.
The troll closely misses you. The troll claws you but does no damage.
The troll barely misses you.
You hit the troll but do no damage.
The troll is moderately wounded.
The troll closely misses you. You furiously retaliate!
You headbutt the troll. The troll barely misses you. The troll claws you.
* * * LOW HITPOINT WARNING * * *
The troll bites you!
* * * LOW HITPOINT WARNING * * *
The troll closely misses you. The troll claws you but does no damage.
Okay, then.
As you read the scroll of teleportation, it crumbles to dust.
You feel strangely unstable. The troll bites you.
* * * LOW HITPOINT WARNING * * *
The troll closely misses you. The troll claws you.
* * * LOW HITPOINT WARNING * * *
You hit the troll. You headbutt the troll.
The troll is moderately wounded.
The troll barely misses you. The troll claws you!
You die...

### ..## ...## #..####
######. . ###....
........#
<...#....########.........
.....(...)oT@......≈≈≈≈≈≈≈
......####o#######.≈......
....# #){...# #.≈.#####.≈.
... #####.###.≈.....#.≈. #
#.....≈.#._.#.≈.
.#######.≈.#.....≈.
.........≈.#####.≈.
#....###.≈.......≈.
####......≈≈≈≈≈≈≈≈.


You could see a troll, an orc warrior and an orc.

Vanquished Creatures
  Jeremiah (D:6)
  Sigmund (D:5)
  3 orc warriors
  A sky beast (D:6)
  2 ice beasts (D:5)
  A black bear (D:5)
  A centaur (D:6)
  2 bullfrogs
  8 wights (D:6)
  6 killer bees (D:6)
  5 orc priests
  2 hounds (D:6)
  A jelly (D:6)
  An iguana (D:5)
  3 orc wizards (D:6)
  Ijyb (D:4)
  8 adders
  A white imp (D:5)
  4 ufetubi
  4 worms
  2 dart slugs
  21 orcs
  9 ball pythons
  4 endoplasms
  2 giant cockroaches
  5 hobgoblins
  8 jackals
  7 kobolds
  3 quokkas
  3 bats
  6 frilled lizards
  16 goblins
  3 rats
145 creatures vanquished.

Notes
Turn   | Place    | Note
-------+----------+-------------------------------------------
     0 | D:1      | Splat the Minotaur Gladiator began the quest for the Orb.
     0 | D:1      | Reached XP level 1. HP: 18/18 MP: 0/0
   179 | D:1      | Reached skill level 4 in Axes
   211 | D:1      | Reached XP level 2. HP: 25/25 MP: 1/1
   279 | D:1      | Reached skill level 1 in Armour
   927 | D:2      | Reached XP level 3. HP: 28/31 MP: 2/2
  1137 | D:2      | Found a faded altar of an unknown god.
  1144 | D:2      | Prayed at the altar of an unknown god.
  1144 | D:2      | Became a worshipper of Ashenzari the Shackled
  1927 | D:3      | Reached XP level 4. HP: 38/38 MP: 3/3
  2197 | D:3      | Reached skill level 5 in Axes
  2897 | D:4      | Reached XP level 5. HP: 45/45 MP: 4/4
  3286 | D:4      | Noticed Ijyb
  3293 | D:4      | Killed Ijyb
  3294 | D:4      | Reached skill level 6 in Axes
  3589 | D:5      | Entered Level 5 of the Dungeon
  3613 | D:5      | Noticed Sigmund
  3619 | D:5      | Killed Sigmund
  3620 | D:5      | Reached XP level 6. HP: 52/52 MP: 5/5
  3639 | D:5      | Noticed an ice beast
  3647 | D:5      | Killed an ice beast
  3648 | D:5      | Reached * piety under Ashenzari
  3726 | D:5      | Reached skill level 7 in Axes
  3726 | D:5      | Reached XP level 7. HP: 59/61 MP: 6/6
  4546 | D:6      | Reached skill level 5 in Fighting
  4556 | D:6      | Reached skill level 8 in Axes
  4570 | D:6      | Identified the cursed +0 hat "Clairvoyant Oracle" {Melee,
                  | Dev}
  4570 | D:6      | Identified the cursed +0 chain mail of the Sublime Augur
                  | {Comp, Self} (You found it on level 3 of the Dungeon)
  4571 | D:6      | Reached XP level 8. HP: 33/71 MP: 7/7
  4575 | D:6      | Reached skill level 5 in Armour
  4768 | D:6      | Noticed Jeremiah
  4776 | D:6      | Killed Jeremiah
  4777 | D:6      | Reached skill level 9 in Axes
  4846 | D:6      | Found a staircase to the Ecumenical Temple.
  4945 | D:6      | Reached skill level 5 in Throwing
  4954 | Temple   | Entered the Ecumenical Temple
  5402 | D:6      | Reached ** piety under Ashenzari
  5418 | D:6      | Reached XP level 9. HP: 63/81 MP: 8/8
  5429 | D:6      | Reached skill level 10 in Axes
  5833 | D:7      | Found a burning altar of Makhleb.
  5838 | D:7      | Found Lavyph's Jewellery Shoppe.
  5940 | D:7      | Reached skill level 5 in Dodging
  5943 | D:7      | Noticed a troll
  5960 | D:7      | Slain by a troll

Illustrated notes

Levels and vault maps discovered:
D:1:      dpeg_arrival_concentric_ovals, layout_loops_corners
D:2:      layout_loops_cross, basic_ecumenical_altar
D:3:      layout_basic
D:4:      kennysheep_goblin_castle, layout_loops_corners, uniq_ijyb
D:5:      layout_basic, uniq_sigmund
D:6:      layout_rooms, minmay_temple_entry_steel_oval,
          minmay_misc_feat_ornament, uniq_jeremiah
D:7:      layout_rooms, mainiacjoe_overflow_brackets, serial_shops, shop
Temple:   compressed_dpeg_circular_temple

Skill      XL: |  1  2  3  4  5  6  7  8  9 |
---------------+----------------------------+-----
Axes           | 4 5 6 7 8 9 10 | 10.4
Armour         | 1 2 3 4 5 |  5.1
Fighting       | 3 4 5 6 7 |  7.1
Throwing       | 3 4 5 |  5.5
Dodging        | 4 5 |  5.0
Ranged Weapons | |  0.2
Evocations     | |  0.9

Action                     |  1- 3 |  4- 6 |  7- 9 || total
---------------------------+-------+-------+-------++-------
  Melee: War axe           |    78 |    89 |   111 ||   278
         Headbutt          |     4 |    15 |    27 ||    46
         Punch             |       |     2 |     2 ||     4
         Battleaxe         |       |       |    29 ||    29
  Throw: Javelin           |     5 |       |     9 ||    14
 Invoke: Curse Item        |     1 |     1 |     1 ||     3
  Evoke: Wand              |       |       |     3 ||     3
    Use: Scroll            |     5 |       |     2 ||     7
         Potion            |       |       |     4 ||     4
   Stab: Sleeping          |     1 |       |       ||     1
 Armour: Leather armour    |    41 |       |       ||    41
         Chain mail        |     8 |    69 |   106 ||   183
         Skin              |       |       |   153 ||   153
  Dodge: Dodged            |    46 |    50 |    72 ||   168

Table legend: (Time is in decaauts)
 A = Elapsed time spent in this place.
 B = Non-inter-level travel time spent in this place.
 C = Inter-level travel time spent in this place.
 D = Time resting spent in this place.
 E = Time spent auto-exploring this place.
 F = Levels seen in this place.
 G = Mean time per level.
                   A        B        C        D        E       F      G
               +--------+--------+--------+--------+--------+-----+--------+
         Total |   6010 |   5728 |    282 |    348 |   4442 |   8 |  751.2 |
       Dungeon |   6008 |   5726 |    282 |    348 |   4442 |   7 |  858.3 |
        Temple |      1 |      1 |      0 |      0 |      0 |   1 |    1.0 |
               +--------+--------+--------+--------+--------+-----+--------+

Top non-repeatable levels by time:
     D:5: 1459 daAuts
     D:4: 1058 daAuts
     D:1: 955 daAuts
     D:3: 934 daAuts
     D:6: 776 daAuts
     D:2: 691 daAuts
     D:7: 133 daAuts
  Temple: 1 daAuts
